 Dungeon Crawl Stone Soup version 0.30.0-15-g856e2d3f33 (webtiles) character file.

Game seed: 16931008428132580848

1985 Daunt the Summoner (level 9, 65/65 HPs)
             Began as a Demonspawn Summoner on May 17, 2023.
             Quit the game in the Ecumenical Temple on May 18, 2023.
             The game lasted 00:38:35 (6156 turns).

Daunt the Summoner (Demonspawn Summoner)            Turns: 6156, Time: 00:38:36

Health: 65/65      AC: 10    Str:  8    XL:     9   Next: 1%
Magic:  15/21      EV: 26    Int: 22    God:
Gold:   458        SH:  4    Dex: 15    Spells: 6/12 levels left

rFire   + . .        e - +2 dagger (venom)
rCold   . . .        (no shield)
rNeg    . . .        q - +1 ring mail of Broken Taboos {rElec rF+ rCorr}
rPois   .            (no helmet)
rElec   +            J - +0 cloak
rCorr   +            L - +2 pair of gloves
SInv    .            (no boots)
Will    +....        o - amulet of the acrobat
Stlth   +++          B - ring of magical power
HPRegen 0.30/turn    C - ring of willpower
MPRegen 0.17/turn

%: acrobat
@: acrobatic
A: hooves 1, thin skeletal structure 1, foul stench 2, condensation shield
a: no special abilities


You were in the Ecumenical Temple.
You visited 2 branches of the dungeon, and saw 7 of its levels.

You collected 458 gold pieces.

Inventory:

Hand Weapons
 d - a +0 hand axe
 e - a +2 dagger of venom (weapon)
 w - a +2 scythe of venom
Missiles
 g - 36 stones
 r - 8 poisoned darts
 y - 4 boomerangs
Armour
 q - the +1 ring mail of Broken Taboos (worn) {rElec rF+ rCorr}
   (You found it on level 2 of the Dungeon)

   rF:        It protects you from fire.
   rElec:     It insulates you from electricity.
   rCorr:     It protects you from acid and corrosion.
 A - a scarf of resistance
 F - a +3 leather armour of fire resistance
 J - a +0 cloak (worn)
 L - a +2 pair of gloves (worn)
Magical Staves
 k - a staff of death
Jewellery
 o - an amulet of the acrobat (around neck)
 t - a ring of fire
 B - a ring of magical power (left hand)
 C - a ring of willpower (right hand)
 D - a ring of flight
Wands
 c - a wand of flame (6)
 G - a wand of polymorph (1)
 I - a wand of charming (15)
Scrolls
 f - 4 scrolls of teleportation
 h - 3 scrolls of noise {unknown}
 i - a scroll of acquirement {unknown}
 j - 2 scrolls of blinking
 m - a scroll of magic mapping
 s - 2 scrolls of vulnerability {unknown}
 v - 2 scrolls of fear {unknown}
 x - a scroll of enchant weapon {unknown}
 z - 2 scrolls of torment {unknown}
 H - 2 scrolls of enchant armour {unknown}
Potions
 a - a potion of mutation
 b - 2 potions of magic
 l - 2 potions of berserk rage
 n - 5 potions of curing
 p - a potion of flight
 u - 3 potions of heal wounds
 E - 2 potions of ambrosia
 K - 2 potions of lignification


   Skills:
 - Level 3.6 Fighting
 - Level 3.0 Armour
 - Level 3.8 Dodging
 - Level 4.0 Stealth
 + Level 2.3 Spellcasting
 * Level 1.8 Hexes
 - Level 8.4 Summonings
 + Level 4.1 Evocations


You had 6 spell levels left.
You knew the following spells:

 Your Spells              Type           Power      Damage    Failure   Level
a - Summon Small Mammal   Summ           100%       N/A       1%          1
c - Call Canine Familiar  Summ           39%        N/A       3%          3
i - Call Imp              Summ           78%        N/A       1%          2

Your spell library contained the following spells:

 Spells                   Type           Power      Damage    Failure   Level
 Summon Guardian Golem    Hex/Summ       25%        N/A       14%         3
 Sandblast                Erth           4%         2d4       36%         1
 Passwall                 Tmut/Erth      1%         N/A       50%         2
 Summon Lightning Spire   Summ/Air       21%        N/A       54%         4
 Stone Arrow              Conj/Erth      4%         3d7       75%         3
 Passage of Golubria      Tloc           2%         N/A       98%         4
 Petrify                  Tmut/Erth      2%         N/A       98%         4
 Metabolic Englaciation   Hex/Ice        3%         N/A       100%        5
 Silence                  Hex/Air        3%         N/A       100%        5
 Statue Form              Tmut/Erth      1%         N/A       100%        6
 Lehudib's Crystal Spear  Conj/Erth      1%         10d2      100%        8
 Chain Lightning          Conj/Air       1%         3d1       100%        9
 Fire Storm               Conj/Fire      1%         7d1       100%        9
 Shatter                  Erth           1%         3d5*      100%        9


Dungeon Overview and Level Annotations

Branches:
Dungeon (6/15)             Temple (1/1) D:6

Altars:
Ashenzari
Dithmenos
Hepliaklqana
Kikubaaqudgha
Qazlal
Ru
Sif Muna
Trog
Uskayaw
Wu Jian
Yredelemnul

Shops:
D:5 =


Innate Abilities, Weirdness & Mutations

You have large cloven feet.
You have a somewhat thin skeletal structure. (Dex +2, Stealth+)
You sometimes emit foul miasma when damaged in melee.
A meltable shield of frost defends you. (SH +4)


Message History

Casting: Call Imp (safe; 1% risk of failure)
Confirm with . or Enter, or press ? or * to list all spells.
A tiny devil pulls itself out of the air.
Your cerulean imp disappears in a puff of smoke!
Casting: Call Imp (safe; 1% risk of failure)
Confirm with . or Enter, or press ? or * to list all spells.
Casting: Summon Small Mammal (safe; 1% risk of failure)
Confirm with . or Enter, or press ? or * to list all spells.
Your hound bites the orc priest.
Your cerulean imp closely misses the orc priest.
The orc priest begins to cast a cantrip, but forgets the words!
Your hound bites the orc priest.
You barely miss the orc priest.
The orc priest is moderately wounded.
Your cerulean imp hits the orc priest from afar with a -1 spear.
Your hound bites the orc priest.
The orc priest hits you but does no damage.
The orc priest barely misses your hound.
The orc priest closely misses your rat.
Your rat bites the orc priest.
The orc priest dies!
You have reached level 9!
Your experience leads to an increase in your attributes!
Increase (S)trength, (I)ntelligence, or (D)exterity?
You feel clever. x2; Your demonic ancestry asserts itself...
Your feet thicken and deform.
Your magical contamination has completely faded away.
Things that are here:
a +0 hand axe; an orc corpse
There is a staircase to the Ecumenical Temple here.
You climb downwards.
Welcome to the Ecumenical Temple!
Your summoned ally is left behind.
Found five altars.
There is a staircase back to the Dungeon here.
Found a glowing silver altar of Zin.
Found a shadowy altar of Dithmenos and an ancient bone altar of Kikubaaqudgha.
Unknown command.
Unknown command.
Are you sure you want to abandon this character and quit the game? (Confirm with "yes".)
Okay, then.
Are you sure you want to abandon this character and quit the game? (Confirm with "yes".)

♣♣._...~...≈~
...♣♣
....~....~~
..♣..♣♣..~..§.≈~
......... _...~
...._........~
....§.♣.♣..
♣..§.♣♣..♣
_.♣♣.§..~♣♣@♣
..~~~..<...♣.♣
.....~.§....~♣
.._~.~~..~~...♣
.....♣♣♣...§♣.~♣
.♣♣.. ..._.....♣
♣. .....§....♣ ♣
....♣...._..♣
♣...~........♣


There were no monsters in sight!

Vanquished Creatures
  A troll (D:5)
  Eustachio (D:4)
  A bullfrog (D:6)
  Dowan (D:4)
  6 electric eels (D:6)
  A hound (D:5)
  4 iguanas
  An orc wizard (D:3)
  7 adders
  An ufetubus (D:6)
  A worm (D:6)
  7 dart slugs
  5 orcs
  A bat (D:3)
  5 endoplasms
  3 giant cockroaches
  4 hobgoblins
  6 jackals
  3 kobolds
  3 quokkas
  7 ball pythons
  3 goblins
72 creatures vanquished.

Vanquished Creatures (collateral kills)
  Sigmund (D:2)
  Duvessa (D:4)
  A black bear (D:5)
  An ice beast (D:6)
  2 ogres
  2 scorpions
  A jelly (D:5)
  3 orc priests
  A sleepcap (D:5)
  Jessica (D:2)
  4 adders
  A dart slug (D:6)
  A worm (D:2)
  6 orcs
  2 ball pythons (D:1)
  A giant cockroach (D:2)
  4 goblins
  5 hobgoblins
  3 jackals (D:4)
  A frilled lizard (D:1)
  A kobold (D:4)
  2 rats (D:1)
45 creatures vanquished.

Vanquished Creatures (others)
  A dart slug (D:6)
1 creature vanquished.

Grand Total: 118 creatures vanquished

Notes
Turn   | Place    | Note
-------+----------+-------------------------------------------
     0 | D:1      | Daunt the Demonspawn Summoner began the quest for the Orb.
     0 | D:1      | Reached XP level 1. HP: 13/13 MP: 3/3
   290 | D:1      | Gained mutation: A meltable shield of frost defends you.
                  | (SH +4) [demonic ancestry]
   290 | D:1      | Reached XP level 2. HP: 19/19 MP: 1/5
  1387 | D:2      | Noticed Sigmund
  1478 | D:2      | Reached skill level 5 in Summonings
  1479 | D:2      | Gained mutation: You may rarely emit foul miasma when
                  | damaged in melee. [demonic ancestry]
  1479 | D:2      | Reached XP level 3. HP: 24/24 MP: 3/6
  1513 | D:2      | Identified the +1 ring mail of Broken Taboos {rElec rF+
                  | rCorr}
  1542 | D:2      | Learned a level 2 spell: Call Imp
  1577 | D:2      | Learned a level 3 spell: Call Canine Familiar
  1641 | D:2      | Noticed Jessica
  1652 | D:2      | Killed Jessica
  2138 | D:2      | Killed Sigmund
  2139 | D:2      | Reached skill level 6 in Summonings
  2139 | D:2      | Reached XP level 4. HP: 16/30 MP: 1/7
  2139 | D:2      | Gained mutation: You sometimes emit foul miasma when
                  | damaged in melee. [demonic ancestry]
  2139 | D:2      | Reached XP level 5. HP: 19/35 MP: 1/8
  2379 | D:3      | Found a faded altar of an unknown god.
  2535 | D:3      | Gained mutation: You have a somewhat thin skeletal
                  | structure. (Dex +2, Stealth+) [demonic ancestry]
  2535 | D:3      | Reached XP level 6. HP: 38/41 MP: 7/9
  3258 | D:4      | Noticed Eustachio
  3448 | D:4      | Killed Eustachio
  3449 | D:4      | Reached skill level 7 in Summonings
  3588 | D:4      | Reached XP level 7. HP: 37/46 MP: 10/10
  3699 | D:4      | Noticed Dowan
  3700 | D:4      | Noticed Duvessa
  3738 | D:4      | Killed Dowan
  3754 | D:4      | Killed Duvessa
  3755 | D:4      | Reached skill level 8 in Summonings
  4086 | D:5      | Entered Level 5 of the Dungeon
  4165 | D:5      | Reached skill level 1 in Fighting
  4165 | D:5      | Reached skill level 1 in Armour
  4255 | D:4      | Found a broken altar of Ashenzari.
  4255 | D:4      | Found a hazy altar of Hepliaklqana.
  4390 | D:5      | Found Fanaonge's Jewellery Shop.
  4405 | D:5      | Reached XP level 8. HP: 56/56 MP: 11/11
  4427 | D:5      | Found a bloodstained altar of Trog.
  4446 | D:5      | Noticed a troll
  4499 | D:5      | Killed a troll
  5454 | D:6      | Reached skill level 1 in Evocations
  5479 | D:6      | Found a stormy altar of Qazlal.
  5511 | D:6      | Found a sacrificial altar of Ru.
  5774 | D:6      | Upgraded the game from 0.30.0-13-g156ef70053 to
                  | 0.30.0-15-g856e2d3f33
  5967 | D:6      | Reached skill level 1 in Hexes
  6129 | D:6      | Found a staircase to the Ecumenical Temple.
  6140 | D:6      | Gained mutation: You have large cloven feet. [demonic
                  | ancestry]
  6140 | D:6      | Reached XP level 9. HP: 65/65 MP: 12/12
  6151 | Temple   | Entered the Ecumenical Temple
  6156 | Temple   | Quit the game

Illustrated notes

Levels and vault maps discovered:
D:1:      dpeg_arrival_shrine, layout_basic, amcnicky_mini_corridor_feature,
          minmay_liquid_box
D:2:      layout_rooms, uniq_sigmund, uniq_jessica
D:3:      layout_loops_corners, hellmonk_ecumenical_altar_leap_of_faith
D:4:      layout_rooms, nicolae_overflow_hidden_temple, dk_noncrumbling_3,
          uniq_duvessa, uniq_eustachio
D:5:      layout_cave_pools, mainiacjoe_overflow_six_doors_small, serial_shops,
          shop
D:6:      kennysheep_slugbush, layout_cave_pools, jmf_multi_god_temple,
          minmay_temple_entry_proselytizer, grunt_decor_junction, minivault_4,
          uniq_grinder
Temple:   nicolae_temple_bog_church

Skill      XL: |  1  2  3  4  5  6  7  8 |
---------------+-------------------------+-----
Summonings     | 5 6 7 8 |  8.4
Stealth        | 3 4 |  4.0
Dodging        | 2 3 |  3.8
Fighting       | 2 3 |  3.6
Armour         | 1 3 |  3.0
Evocations     | 4 |  4.1
Hexes          | 1 |  1.8
Spellcasting   | |  2.3

Action                     |  1- 3 |  4- 6 |  7- 9 || total
---------------------------+-------+-------+-------++-------
  Melee: Dagger            |    41 |    66 |   127 ||   234
         Punch             |       |       |     6 ||     6
   Cast: Summon Small Mamm |    45 |    31 |    61 ||   137
         Call Imp          |     3 |     9 |    24 ||    36
         Call Canine Famil |     1 |       |     4 ||     5
  Evoke: Wand              |       |       |     3 ||     3
    Use: Scroll            |       |       |     9 ||     9
   Stab: Sleeping          |     1 |    12 |     3 ||    16
         Distracted        |       |       |     3 ||     3
 Armour: Robe              |    12 |     1 |       ||    13
         Leather armour    |       |    10 |    26 ||    36
         Ring mail         |       |       |    11 ||    11
  Dodge: Dodged            |    25 |    33 |    92 ||   150
  Block: Other             |     4 |     5 |    20 ||    29
